 Dungeon Crawl Stone Soup version 0.31-a0-1074-g0b22e4e0f1 (webtiles) character file.

Game seed: 1188027494776205815

83 cowhearter the Cutter (level 4, 0/29 HPs)
             Began as a Kobold Monk on Dec 5, 2023.
             Slain by Terence
             ... wielding a +2 falchion of distortion
              (5 damage)
             ... on level 3 of the Dungeon.
             The game lasted 00:04:29 (2388 turns).

cowhearter the Cutter (Kobold Monk)                 Turns: 2388, Time: 00:04:31

Health: 0/29       AC:  4    Str:  8    XL:     4   Next: 71%
Magic:  4/4        EV: 17    Int: 11    God:
Gold:   93         SH:  0    Dex: 19    Spells: 3/3 levels left

rFire   . . .        a - +0 short sword
rCold   . . .        (no shield)
rNeg    + . .        b - +0 robe
rPois   .            h - +1 helmet
rElec   .            (no cloak)
rCorr   .            (no gloves)
SInv    .            (no boots)
Will    .....        (no amulet)
Stlth   +++          r - ring of positive energy
HPRegen 0.24/turn    (no ring)
MPRegen 0.09/turn

%: no passive effects
@: no status effects
A: small, no large weapons, nightstalker 3
a: no special abilities


You were on level 3 of the Dungeon.
You visited 1 branch of the dungeon, and saw 3 of its levels.

You collected 93 gold pieces.

Inventory:

Hand Weapons
 a - a +0 short sword (weapon)
Missiles
 j - 26 stones
 k - 6 silver javelins
Armour
 b - a +0 robe (worn)
 d - an orb of light
 h - a +1 helmet (worn)
Jewellery
 p - a ring of fire
 q - a ring of fire
 r - a ring of positive energy (left hand)
Wands
 t - a wand of polymorph (8)
Scrolls
 i - 2 scrolls of teleportation {unknown}
 l - a scroll of vulnerability {unknown}
 n - a scroll of butterflies {unknown}
 o - a scroll of noise {unknown}
 u - a scroll of identify {unknown}
Potions
 c - a potion of ambrosia
 e - a potion of lignification {unknown}
 f - a potion of curing {unknown}
 g - 2 potions of heal wounds {unknown}
 m - a potion of cancellation {unknown}
 s - a potion of resistance {unknown}


   Skills:
 + Level 3.9 Fighting
 * Level 5.3 Short Blades
 + Level 4.4 Dodging
 + Level 1.6 Stealth


You had 3 spell levels left.
You didn't know any spells.
Your spell library was empty.

Dungeon Overview and Level Annotations

Branches:
Dungeon (3/15)

Altars:

Annotations:
D:3 Terence


Innate Abilities, Weirdness & Mutations

You are small and have problems with some larger weapons.
You are completely attuned to the shadows.


Message History

Terence completely misses you.
You hit Terence but do no damage.
Terence is heavily wounded.
You closely miss Terence.
Terence is heavily wounded.
Terence hits you with a +2 falchion of distortion!
You blink.
You hit Terence but do no damage.
Terence is heavily wounded.
Terence misses you.
You hit Terence.
Terence is severely wounded.
You barely miss Terence.
Terence is severely wounded.
Terence closely misses you.
You hit Terence.
Terence is almost dead.
Terence misses you.
You barely miss Terence.
Terence is almost dead.
Terence misses you.
You hit Terence.
Terence is almost dead.
You barely miss Terence.
Terence is almost dead.
Terence hits you with a +2 falchion of distortion!
Space warps around you.
You hit Terence but do no damage.
Terence is almost dead.
Terence asks, "Do you want it fast or slow?"
Terence misses you.
You closely miss Terence.
Terence is almost dead.
You hit Terence but do no damage.
Terence is almost dead.
Terence hits you with a +2 falchion of distortion.
* * * LOW HITPOINT WARNING * * *
Space warps around you.
You die...
Terence says, "Time to find some more victims."

#.#(..#.#####..#
<#.#..>.........#
#..............##
....†....######
...###.#.# #..#...#.#
#..#.#.#.# #..#.#.#.#
#.@..#.# ########
###@..... #.......
#.......# #.######
#)####### #.# #.# #.#
#.#######'## #.#
...........# #######.#
#...@.....# #.......#
.
#.........####.#######


You could see Terence.

Vanquished Creatures
  A gnoll (D:1)
  An adder (D:3)
  An orc (D:3)
  5 ball pythons
  4 endoplasms
  2 giant cockroaches
  6 goblins
  7 hobgoblins
  10 jackals
  3 quokkas
  A bat (D:1)
  4 frilled lizards
  7 kobolds
  2 rats
54 creatures vanquished.

Notes
Turn   | Place    | Note
-------+----------+-------------------------------------------
     0 | D:1      | cowhearter the Kobold Monk began the quest for the Orb.
     0 | D:1      | Reached XP level 1. HP: 14/14 MP: 1/1
    42 | D:1      | Reached XP level 2. HP: 5/19 MP: 2/2
   206 | D:1      | Reached XP level 3. HP: 4/23 MP: 3/3
  1072 | D:2      | Found a faded altar of an unknown god.
  1300 | D:2      | Reached skill level 1 in Stealth
  1381 | D:2      | Reached XP level 4. HP: 29/29 MP: 4/4
  1920 | D:2      | Reached skill level 5 in Short Blades
  2345 | D:3      | Noticed Terence
  2388 | D:3      | Slain by Terence

Illustrated notes

Levels and vault maps discovered:
D:1:      dpeg_chamrin_arrival_tetris, layout_basic
D:2:      cheibrodos_greedy_goblins, layout_loops_corners,
          basic_ecumenical_altar, grunt_ministairs_6, minmay_misc_feat_square
D:3:      layout_basic, nicolae_dithmenos_shadow_blocks, uniq_terence

Skill      XL: |  1  2  3  4 |
---------------+-------------+-----
Dodging        | 4 |  4.4
Stealth        | 1 |  1.6
Short Blades   | 5 |  5.3
Fighting       | |  3.9

Action                     |  1- 3 |  4- 6 || total
---------------------------+-------+-------++-------
  Melee: Short sword       |   115 |   124 ||   239
         Punch             |     1 |       ||     1
   Stab: Sleeping          |     8 |     4 ||    12
 Armour: Robe              |    42 |    55 ||    97
  Dodge: Dodged            |    80 |   118 ||   198

Table legend: (Time is in decaauts)
 A = Elapsed time spent in this place.
 B = Non-inter-level travel time spent in this place.
 C = Inter-level travel time spent in this place.
 D = Time resting spent in this place.
 E = Time spent auto-exploring this place.
 F = Levels seen in this place.
 G = Mean time per level.
                   A        B        C        D        E       F      G
               +--------+--------+--------+--------+--------+-----+--------+
         Total |   2331 |   2261 |     70 |    276 |   1507 |   3 |  777.0 |
       Dungeon |   2331 |   2261 |     70 |    276 |   1507 |   3 |  777.0 |
               +--------+--------+--------+--------+--------+-----+--------+

Top non-repeatable levels by time:
     D:2: 1160 daAuts
     D:1: 908 daAuts
     D:3: 262 daAuts
